 Dungeon Crawl Stone Soup version 0.17.0-28-g6e173f8 (webtiles) character file.

107 dohliylev the Chiller (level 4, -1/30 HPs)
             Began as a Vampire Ice Elementalist on Nov 23, 2015.
             Was an Initiate of Ru.
             Slain by Ijyb (4 damage)
             ... on level 3 of the Dungeon.
             The game lasted 00:23:06 (1913 turns).

dohliylev the Chiller (Vampire Ice Elementalist)    Turns: 1913, Time: 00:23:06

Health: -1/30      AC:  3    Str:  7    XL:     4   Next: 56%
Magic:  8/8        EV: 13    Int: 18    God:    Ru [......]
Gold:   89         SH:  0    Dex: 14    Spells: 2 memorised, 6 levels left

rFire  . . .     SeeInvis +     (no weapon)
rCold  . . .     Clarity  .     a - +0 robe
rNeg   + . .     SustAt   .     (no shield)
rPois  .         Gourm    .     (no helmet)
rElec  .         Spirit   .     (no cloak)
rCorr  .         Warding  .     d - +0 pair of gloves
rMut   .         Stasis   .     (no boots)
MR     .....                    (no amulet)
Stlth  +++.......               (no ring)
                                (no ring)

@: not resistant to hostile enchantments, fairly stealthy
A: fangs 3, see invisible, unbreathing
a: Bat Form, Renounce Religion


You were on level 3 of the Dungeon.
You worshipped Ru.
Ru was noncommittal.
You were not thirsty.

You visited 1 branch of the dungeon, and saw 3 of its levels.

You collected 89 gold pieces.

Inventory:

Missiles
 l - 18 poisoned needles
Armour
 a - a +0 robe (worn)
 d - a +0 pair of gloves (worn)
Jewellery
 h - a cursed -2 ring of evasion {unknown}
Scrolls
 e - a scroll of fear {unknown}
 g - a scroll of blinking {unknown}
 j - a scroll of remove curse {unknown}
 k - a scroll of recharging {unknown}
 m - a scroll of enchant armour {unknown}
Potions
 c - 20 potions of blood
 f - a potion of haste {unknown}
 i - 4 potions of curing {unknown}
Books
 b - a book of Frost

   Spells                             Type                      Level
   a - Freeze                         Ice                          1
   b - Throw Frost                    Conjuration/Ice              2
   c - Ozocubu's Armour               Charms/Ice                   3
   d - Throw Icicle                   Conjuration/Ice              4
   e - Summon Ice Beast               Ice/Summoning                4
   f - Condensation Shield            Ice                          4


   Skills:
 + Level 0.1 Fighting
 + Level 2.5 Dodging
 + Level 3.4 Stealth
 + Level 0.9 Unarmed Combat
 + Level 3.2 Spellcasting
 + Level 0.8 Conjurations
 + Level 3.9 Ice Magic


You had 6 spell levels left.
You knew the following spells:

 Your Spells              Type           Power        Failure   Level  Hunger
a - Freeze                Ice            ###.         3%          1    None
b - Throw Frost           Conj/Ice       ##....       12%         2    ##.....


Dungeon Overview and Level Annotations

Branches:
Dungeon (3/15)

Altars:
Ru

Annotations:
D:3 Ijyb


Innate Abilities, Weirdness & Mutations

You have razor-sharp teeth.
You have supernaturally acute eyesight.
You can survive without breathing.


Message History

Ijyb is severely wounded.
Ijyb closely misses you.
You hit Ijyb but do no damage.
Ijyb is severely wounded.
Ijyb barely misses you.
You closely miss Ijyb.
Ijyb is severely wounded.
Ijyb hits you.
* * * LOW HITPOINT WARNING * * *
You completely miss Ijyb.
Ijyb is severely wounded.
Ijyb hits you.
* * * LOW HITPOINT WARNING * * *
You hit Ijyb but do no damage.
Ijyb is severely wounded.
Ijyb closely misses you.
You hit Ijyb but do no damage.
Ijyb is severely wounded.
Ijyb hits you.
You die...

#......#.################
#...>).......... ...
#.....##.################
#....>.#.#...............
#......#.###.############
####...#.# #.............
#...#+################
###........# #...<#
#..@.....# #....#
#...g....# #....'
###................#
###........#.....#
.....#. #.##### .###.# #.
# # #


You could see Ijyb.

Vanquished Creatures
  An orc wizard (D:2)
  3 adders
  A worm (D:2)
  4 orcs (D:3)
  A ball python (D:2)
  3 bats
  2 giant cockroaches
  6 hobgoblins
  A quokka (D:2)
  2 giant geckos (D:2)
  A giant newt (D:1)
  4 goblins
  5 kobolds
  7 rats
41 creatures vanquished.

Notes
Turn   | Place    | Note
--------------------------------------------------------------
     0 | D:1      | dohliylev the Vampire Ice Elementalist began the quest for the Orb.
     0 | D:1      | Reached XP level 1. HP: 13/13 MP: 3/3
   408 | D:1      | Reached XP level 2. HP: 19/19 MP: 1/5
   825 | D:2      | Learned a level 2 spell: Throw Frost
   877 | D:2      | Found a sacrificial altar of Ru.
   896 | D:2      | Became a worshipper of Ru the Awakened
  1035 | D:2      | Found a sacrificial altar of Ru.
  1077 | D:2      | Reached XP level 3. HP: 20/24 MP: 1/7
  1298 | D:2      | Reached XP level 4. HP: 26/30 MP: 1/8
  1870 | D:3      | Noticed Ijyb
  1913 | D:3      | Slain by Ijyb

Action                   |  1- 3 |  4- 6 || total
-------------------------+-------+-------++-------
Melee: Unarmed           |    18 |    42 ||    60
 Cast: Freeze            |    31 |    14 ||    45
       Throw Frost       |    10 |    13 ||    23
  Use: Potion            |     2 |     2 ||     4
 Stab: Sleeping          |       |     1 ||     1
  Eat: Corpse            |       |     1 ||     1
